Map: Romanticide LE

Players

IIIIIIIIIIII

  • Race: Protoss Protoss
  • League: Master
  • Spawn Location: 11:00

Railgan - Winner!

  • Race: Zerg Zerg
  • League: Grandmaster
  • Spawn Location: 5:00

VOD

https://www.youtube.com/watch?v=RPgCL5pqZJI

Description

Replay from Railgan's 2021 ZERG VS PROTOSS - HYDRA LURKER STYLE

Time

  • Played on: Jan. 14, 2021, 3:57 p.m.
  • Length: 13:36
Show
View Real Time Build Order
Export as new Build Order

IIIIIIIIIIII Protoss 

Build Orders: 1 Gate Expand, Oracle Opening, Carriers, Zealot Archon 

Get SALT Encoding   

  12  0:00  Probe  
  13  0:12  Probe  
  14  0:20  Pylon  
  14  0:24  Probe  
  15  0:38  Probe (Chrono Boost)  
  15  0:41  Gateway  
  16  0:49  Assimilator  
  17  0:50  Probe (Chrono Boost)  
  17  0:55  Probe (Chrono Boost)  
  18  1:04  Probe  
  19  1:16  Probe  
  20  1:24  Nexus  
  20  1:33  Cybernetics Core  
  20  1:36  Probe  
  21  1:42  Assimilator  
  21  1:48  Probe  
  21  1:52  Pylon  
  22  2:00  Probe  
  23  2:07  Adept (Chrono Boost)  
  23  2:13  Probe  
  26  2:17  Stargate  
  26  2:28  Probe (Chrono Boost)  
  26  2:31  Adept (Chrono Boost)  
  26  2:32  Warp Gate  
  26  2:36  Probe (Chrono Boost)  
  30  2:45  Probe (Chrono Boost)  
  30  2:46  Probe (Chrono Boost)  
  30  2:51  Probe x2 (Chrono Boost)  
  33  2:59  Oracle (Chrono Boost)  
  33  3:03  Probe x2  
  38  3:15  Probe  
  38  3:18  Probe  
  42  3:20  Adept  
  42  3:23  Pylon  
  42  3:27  Probe, Gateway  
  42  3:30  Probe  
  44  3:38  Pylon  
  44  3:39  Oracle (Chrono Boost)  
  45  3:48  Probe  
  45  3:53  Probe  
  47  4:00  Probe  
  48  4:05  Probe  
  48  4:06  Nexus  
  48  4:09  Void Ray (Chrono Boost)  
  49  4:13  Probe  
  49  4:14  Pylon  
  50  4:19  Probe  
  50  4:22  Assimilator  
  55  4:25  Probe, Assimilator  
  55  4:29  Pylon  
  55  4:31  Probe  
  57  4:34  Sentry  
  57  4:36  Shield Battery  
  57  4:37  Probe  
  60  4:42  Robotics Facility  
  60  4:43  Probe  
  61  4:49  Probe  
  62  4:55  Probe  
  63  5:01  Probe  
  64  5:07  Probe  
  64  5:11  Twilight Council  
  66  5:14  Probe (Chrono Boost), Forge  
  66  5:17  Assimilator  
  66  5:18  Sentry x2  
  66  5:19  Probe (Chrono Boost)  
  66  5:21  Assimilator  
  71  5:25  Probe (Chrono Boost)  
  71  5:27  Probe (Chrono Boost)  
  73  5:31  Probe (Chrono Boost)  
  73  5:32  Gateway  
  73  5:34  Gateway  
  73  5:35  Probe x2 (Chrono Boost)  
  76  5:36  Protoss Ground Weapons Level 1 (Chrono Boost)  
  76  5:37  Probe (Chrono Boost)  
  76  5:39  Probe (Chrono Boost)  
  76  5:40  Probe (Chrono Boost), Pylon  
  79  5:43  Charge (Chrono Boost)  
  79  5:46  Probe  
  80  5:50  Probe  
  80  5:52  Probe  
  82  6:00  Probe  
  82  6:02  Probe  
  81  6:05  Templar Archives, Zealot x2  
  81  6:09  Probe  
  86  6:19  Probe  
  86  6:20  Probe  
  86  6:22  Pylon  
  88  6:27  Gateway  
  88  6:29  Gateway  
  88  6:31  Gateway  
  88  6:32  Pylon  
  88  6:33  Gateway  
  88  6:35  Immortal  
  92  6:43  Pylon  
  92  6:46  High Templar x4, Nexus  
  100  6:52  Photon Cannon  
  100  6:53  Shield Battery  
  100  6:59  Probe x3  
  99  7:02  Pylon  
  99  7:04  Assimilator  
  99  7:08  Assimilator  
  99  7:11  Psionic Storm, Probe x3  
  102  7:20  Zealot  
  102  7:21  Archon  
  104  7:23  High Templar x2, Probe  
  104  7:24  Shield Battery  
  104  7:26  Probe, Photon Cannon  
  110  7:33  Probe  
  110  7:36  Shield Battery  
  111  7:38  Probe x2  
  111  7:39  High Templar x2  
  111  7:40  Photon Cannon, Protoss Ground Weapons Level 2 (Chrono Boost), Pylon  
  111  7:43  Immortal (Chrono Boost)  
  121  7:45  Probe  
  122  7:53  Gateway  
  122  7:54  Probe x2  
  122  7:55  Gateway  
  122  7:57  Probe x2  
  126  8:02  Zealot x5  
  136  8:09  High Templar, Photon Cannon  
  136  8:10  Photon Cannon  
  136  8:12  Shield Battery  
  138  8:19  Observer (Chrono Boost)  
  139  8:22  Pylon  
  139  8:23  High Templar  
  139  8:24  High Templar x2  
  145  8:28  Protoss Air Weapons Level 1 (Chrono Boost), Archon  
  145  8:30  Warp Prism (Chrono Boost), High Templar  
  149  8:35  Archon  
  149  8:38  Zealot x3  
  155  8:48  Pylon  
  155  8:49  Pylon  
  155  8:52  Fleet Beacon  
  155  8:53  Stargate  
  141  9:07  Zealot x7  
  135  9:28  Immortal, Oracle (Chrono Boost)  
  135  9:29  Zealot x6  
  135  9:30  Zealot x4  
  155  9:34  Stargate  
  155  9:35  Stargate  
  158  9:45  Nexus  
  158  9:46  Pylon  
  158  9:47  Pylon  
  158  9:48  Pylon  
  158  9:49  Pylon  
  158  9:50  Pylon x2  
  158  9:54  Assimilator  
  158  9:56  Carrier (Chrono Boost), Assimilator  
  164  10:01  Zealot x3  
  164  10:02  Zealot  
  170  10:17  Carrier (Chrono Boost)  
  164  10:21  Zealot x4  
  164  10:22  Carrier (Chrono Boost)  
  176  10:41  Carrier (Chrono Boost)  
  182  10:45  High Templar  
  176  10:50  Pylon  
  176  10:52  Photon Cannon  
  176  10:54  Photon Cannon  
  176  10:56  Photon Cannon  
  176  10:57  Photon Cannon  
  176  11:01  Carrier  
  170  11:07  Carrier  
  174  11:12  Carrier  
  178  11:26  Protoss Air Weapons Level 2 (Chrono Boost)  
  178  11:32  High Templar x4  
  184  11:37  Archon  
  182  11:40  Zealot x6  
  182  11:46  Carrier  
  190  12:05  Carrier  
  188  12:18  Zealot x6  
  186  12:24  Carrier  
  174  12:43  Zealot  
  174  12:44  Zealot x5  
  166  13:05  High Templar  
  160  13:18  Zealot x4  
Show
View Real Time Build Order
Export as new Build Order

Railgan Zerg - Winner!

Build Orders: Hatch First, Lurkers, Roach Hydra 

Get SALT Encoding   

  12  0:01  Drone  
  13  0:12  Overlord  
  13  0:17  Drone  
  14  0:30  Drone x2  
  16  0:49  Hatchery  
  15  0:51  Drone  
  16  0:58  Drone  
  16  1:00  Drone  
  18  1:11  Extractor  
  18  1:14  Spawning Pool  
  16  1:18  Drone  
  16  1:20  Drone  
  18  1:27  Drone  
  19  1:39  Drone  
  20  1:55  Drone  
  20  2:01  Queen x2  
  21  2:03  Overlord, Zergling x2  
  26  2:12  Drone x2  
  28  2:17  Metabolic Boost  
  28  2:23  Drone  
  28  2:24  Drone  
  30  2:37  Zergling x2  
  30  2:38  Zergling x2  
  30  2:39  Hatchery  
  31  2:44  Zergling x2  
  31  2:48  Queen  
  34  2:52  Overlord  
  34  2:54  Drone  
  35  3:01  Drone  
  36  3:11  Drone  
  36  3:12  Drone x6  
  42  3:17  Drone  
  42  3:18  Drone  
  44  3:21  Overlord  
  44  3:25  Spore Crawler  
  43  3:31  Spore Crawler  
  42  3:35  Spore Crawler  
  42  3:39  Drone  
  41  3:47  Drone x8  
  49  3:52  Queen  
  51  3:59  Roach Warren  
  50  4:06  Drone  
  50  4:07  Drone x4  
  55  4:15  Queen  
  55  4:16  Drone  
  58  4:19  Overlord, Lair  
  58  4:25  Overlord  
  58  4:28  Overlord  
  58  4:38  Extractor, Drone  
  58  4:39  Drone x7  
  58  4:40  Evolution Chamber  
  58  4:42  Drone  
  65  4:48  Drone x2  
  65  5:03  Drone x7  
  71  5:11  Drone x3  
  74  5:14  Overlord, Zerg Missile Weapons Level 1  
  74  5:17  Extractor  
  74  5:19  Overlord  
  73  5:23  Overlord x2  
  73  5:27  Overlord, Extractor  
  72  5:28  Extractor  
  72  5:30  Hydralisk Den, Extractor  
  72  5:32  Queen x2  
  72  5:34  Glial Reconstitution  
  73  5:36  Queen  
  73  5:38  Drone x6  
  73  5:39  Drone  
  73  5:42  Drone x2  
  84  5:43  Drone x2  
  84  5:47  Drone x2  
  84  5:48  Drone  
  84  5:49  Drone  
  90  6:00  Drone x3  
  93  6:08  Roach x6  
  104  6:19  Hydralisk  
  104  6:25  Overlord, Hatchery  
  105  6:26  Grooved Spines  
  105  6:31  Overlord  
  105  6:40  Overlord x6  
  105  6:43  Spore Crawler  
  104  6:48  Roach x4, Evolution Chamber  
  111  6:54  Hydralisk x5  
  111  6:58  Hydralisk  
  111  6:59  Hydralisk x2  
  127  7:02  Hydralisk  
  127  7:04  Lurker Den  
  127  7:05  Infestation Pit  
  127  7:08  Hydralisk  
  129  7:11  Hydralisk  
  129  7:13  Hydralisk  
  133  7:19  Drone x2  
  133  7:20  Drone  
  133  7:21  Drone x2  
  136  7:29  Drone x2  
  138  7:33  Pneumatized Carapace  
  138  7:34  Zerg Missile Weapons Level 2  
  138  7:36  Zerg Ground Armor Level 1  
  138  7:39  Overlord  
  138  7:42  Zergling x2  
  138  7:43  Zergling x12  
  138  7:44  Overlord, Drone  
  146  7:47  Drone  
  146  7:51  Drone x2  
  149  7:54  Extractor  
  148  7:58  Extractor  
  148  8:00  Hive  
  147  8:11  Zergling x4  
  149  8:13  Hydralisk  
  149  8:17  Hatchery  
  150  8:21  Hydralisk x3  
  150  8:23  Lurker  
  150  8:24  Lurker x3  
  160  8:27  Spine Crawler  
  160  8:28  Spine Crawler  
  160  8:29  Hydralisk, Drone x3  
  160  8:30  Spine Crawler  
  162  8:45  Overseer x2  
  162  8:47  Drone x2  
  157  9:09  Hydralisk x3  
  160  9:10  Hydralisk x2  
  160  9:11  Muscular Augments  
  160  9:13  Drone  
  151  9:30  Zergling x2  
  151  9:31  Zergling x12  
  156  9:33  Zergling x2  
  156  9:35  Zerg Ground Armor Level 2  
  156  9:38  Zergling x4  
  162  9:39  Seismic Spines  
  162  9:40  Lurker x4  
  162  9:41  Lurker x2  
  162  9:42  Zergling x16  
  162  9:43  Drone  
  162  9:44  Drone x3  
  180  9:49  Zergling x4  
  180  9:50  Zergling x2  
  183  9:57  Spine Crawler  
  183  9:59  Hydralisk, Spine Crawler, Spore Crawler  
  182  10:00  Spine Crawler  
  181  10:12  Hydralisk  
  181  10:13  Hydralisk x2  
  178  10:16  Hydralisk x3  
  178  10:17  Zergling x2  
  178  10:20  Zergling x2  
  183  10:24  Lurker x6  
  187  10:31  Hatchery  
  186  10:36  Extractor, Adaptive Talons  
  186  10:37  Zerg Missile Weapons Level 3  
  186  10:38  Extractor, Zergling x8  
  186  10:39  Zergling x10  
  186  10:42  Burrow  
  193  10:43  Zergling x4  
  193  10:49  Drone x4, Spine Crawler  
  196  10:50  Spine Crawler  
  196  10:51  Zergling x2, Spine Crawler  
  192  10:57  Hydralisk  
  192  10:58  Hydralisk x2  
  184  11:04  Hydralisk  
  184  11:05  Hydralisk x3  
  184  11:07  Lurker  
  184  11:08  Lurker  
  194  11:14  Zergling x6  
  193  11:40  Hydralisk  
  193  11:41  Hydralisk  
  195  11:49  Infestor x2  
  195  11:52  Overseer x2  
  193  11:56  Drone x2  
  193  11:57  Ultralisk Cavern  
  193  12:00  Hydralisk x6  
  196  12:04  Hydralisk  
  196  12:05  Hydralisk x4  
  198  12:09  Overlord  
  198  12:10  Overlord  
  189  12:15  Hydralisk  
  189  12:16  Hydralisk x2  
  189  12:18  Hydralisk  
  186  12:28  Hydralisk x7  
  195  12:31  Hydralisk  
  195  12:32  Hydralisk  
  195  12:33  Zergling x2  
  198  12:42  Hydralisk x3  
  181  12:53  Drone x2  
  175  13:01  Hydralisk x2  
  175  13:04  Hydralisk  
  175  13:05  Hydralisk x4  
  173  13:07  Hydralisk x3  
  173  13:08  Hydralisk  
  173  13:12  Hydralisk x2  
Tags
 
Add a new tag
Caveats
  • Supply blocks, unpowered buildings, or Contaminate may cause inaccurate times.
  • Supply counts are checked every 10 seconds.